 Dungeon Crawl Stone Soup version 0.28.0-43-g3370ac3207 (webtiles) character file.

Game seed: 6427789065773199251

39 Faeu the Skirmisher (level 3, -2/33 HPs)
             Began as a Minotaur Fighter on Mar 27, 2022.
             Killed by divine providence
             ... invoked by an orc priest
              (16 damage)
             ... on level 2 of the Dungeon.
             The game lasted 00:03:01 (1456 turns).

Faeu the Skirmisher (Minotaur Fighter)              Turns: 1456, Time: 00:03:01

Health: -2/33      AC:  7    Str: 22    XL:     3   Next: 26%
Magic:  2/2        EV:  9    Int:  5    God:
Gold:   38         SH:  4    Dex:  9    Spells: 2/2 levels left

rFire   . . .      SeeInvis .   a - +0 long sword {long}
rCold   . . .      Faith    .   c - +0 buckler
rNeg    . . .      Spirit   .   b - +0 scale mail
rPois   .          Reflect  .   (helmet restricted)
rElec   .          Harm     +   h - scarf {harm}
rCorr   +          Rampage  .   (no gloves)
Will    .....                   (no boots)
Stlth   ..........              (no amulet)
HPRegen 0.11/turn               i - ring of resist corrosion
MPRegen 0.08/turn               (no ring)

@: no status effects
A: horns 2, retaliatory headbutt
a: no special abilities


You were on level 2 of the Dungeon.
You visited 1 branch of the dungeon, and saw 2 of its levels.

You collected 38 gold pieces.


Innate Abilities, Weirdness & Mutations

You have a pair of horns on your head.
You reflexively headbutt those who attack you in melee.


   Skills:
 + Level 4.1 Fighting
 + Level 3.1 Long Blades
 + Level 4.1 Armour
 + Level 4.1 Shields


You had 2 spell levels left.
You didn't know any spells.
Your spell library was empty.

Inventory:

Hand Weapons
 a - a +0 long sword (weapon) {long}
Armour
 b - a +0 scale mail (worn)
 c - a +0 buckler (worn)
 h - a scarf of harm (worn)
   (You found it on level 1 of the Dungeon)
Jewellery
 i - a ring of resist corrosion (left hand)
   (You found it on level 2 of the Dungeon)
Scrolls
 e - 3 scrolls of identify {unknown}
 f - a scroll of torment {unknown}
Potions
 d - a potion of might
 g - a potion of degeneration {unknown}
 j - a potion of flight {unknown}
 k - a potion of berserk rage {unknown}

Dungeon Overview and Level Annotations

Branches:
Dungeon (2/15)

Altars:

#.. # #..# ###..# .?.#
....####...# ....#
#####.##.#(.##. # ....
>....#...#(.#.#. ...
#..##.###.##.###.#
#...†#†#.#...#...#
###...##...###.#...#
#.....#.###.#.#@...#
#.##..#. #...#[o###
#.##.......###.o.#
#.##....... #....o....#
#.##..............K.....
#.##....#..##.#.........
##.##.............:≈≈≈≈≈≈
...##..........#...≈.....
#### . .....#.....####


You could see 2 orc priests, an orc and a kobold.


Message History

You block the hobgoblin's attack. 😕 HP[-1]
You take 1 damage, and now have 26/27 hp.
You closely miss the hobgoblin. The hobgoblin misses you.
You furiously retaliate!
You headbutt the hobgoblin!
You kill the hobgoblin!
You block the hobgoblin's attack. x2
Your Long Blades skill increases to level 3! 😎 HP[+1]
You closely miss the hobgoblin.
The hobgoblin hits you but does no damage.
You barely miss the hobgoblin. Your headbutt misses the hobgoblin.
The hobgoblin hits you. 😕 HP[-4]
You take 4 damage, and now have 23/27 hp.
You slash the hobgoblin!
You kill the hobgoblin!
The worm closely misses you.
You see here a hobgoblin corpse.
You hit the worm. Your headbutt misses the worm. The worm closely misses you.
You furiously retaliate!
You headbutt the worm, but do no damage.
You slash the worm! You headbutt the worm.
You kill the worm!
You have reached level 3!
Your experience leads to an increase in your attributes!
Increase (S)trength, (I)ntelligence, or (D)exterity?
You feel stronger. x2 😕 HP[+6] MP[+1]
You now have 33 max hp (+6).
You regained 6 hp, and now have 29/33 hp.
Your mp is fully restored (2).
You see here a hobgoblin corpse.
A frilled lizard comes into view.
You see here a hobgoblin corpse.
The frilled lizard hisses angrily.
You closely miss the frilled lizard.
Your headbutt misses the frilled lizard.
You block the frilled lizard's attack. x2
You miss the frilled lizard. The frilled lizard barely misses you.
You furiously retaliate!
You headbutt the frilled lizard!
You kill the frilled lizard! 😕 HP[+1]
i - a ring of resist corrosion
i - a ring of resist corrosion (left hand) 😕 HP[+1]
j - a lumpy yellow potion A rat comes into view. 😕 HP[+1]
You hit the rat. The rat barely misses you. You furiously retaliate!
You headbutt the rat!
You kill the rat!
A dart slug comes into view. 😎 HP[+1]
A rat comes into view.
The dart slug briefly extends its eye-stalks.
The rat bites you but does no damage.
You slash the rat!
You kill the rat!
You see here a rat corpse.
A giant cockroach comes into view.
The giant cockroach moves out of view.
You see here 13 bolts.
You see here 28 arrows.
The giant cockroach closely misses you.
You see here a bubbling black potion.
You slash the giant cockroach!
You kill the giant cockroach!
You see here a giant cockroach corpse.
You slash the dart slug!
You kill the dart slug!
You see here a giant cockroach corpse.
k - a bubbling black potion An endoplasm comes into view.
An orc and an orc priest come into view.
The orc shouts!
The endoplasm quivers.
An orc priest comes into view. It is wielding a +0 club.
The orc priest shouts!
A kobold comes into view. It is wielding a +0 short sword.
You hit the endoplasm.
You kill the endoplasm!
The orc priest mumbles some strange prayers to Beogh against you.
Beogh smites you! 😮 HP[-12]
You take 12 damage, and now have 21/33 hp.
MASSIVE DAMAGE!! (PAUSE)
You hit the orc priest. Your headbutt misses the orc priest.
The orc priest hits you but does no damage.
The orc priest mumbles some strange prayers to Beogh against you.
Pain shoots through your body!
* * * LOW HITPOINT WARNING * * *
😨 HP[-7]
You take 7 damage, and now have 14/33 hp.
MASSIVE DAMAGE!! (PAUSE)
You block the orc's attack.
The orc priest looks encouraged for a moment.
The orc priest mumbles some strange prayers to Beogh against you.
Beogh smites you!
You die...

Skill      XL: |  1  2 |
---------------+-------+-----
Fighting       | 4 |  4.1
Armour         | 4 |  4.1
Shields        | 4 |  4.1
Long Blades    | 3 |  3.1

Action                   || total
-------------------------++-------
Melee: Long sword        ||    49
       Headbutt          ||     4
Armor: Scale mail        ||    21
Dodge: Dodged            ||    31
Block: Buckler           ||    15

Levels and vault maps discovered:
D:1:      dpeg_arrival_round_a, layout_basic, serial_curves, eino_curves_02,
          eino_curves_03
D:2:      layout_basic, shapermc_ecumenical_altar_acropolis,
          chequers_serial_rivers_small_b, minmay_pentomino_pile

Notes
Turn   | Place    | Note
-------+----------+-------------------------------------------
     0 | D:1      | Faeu the Minotaur Fighter began the quest for the Orb.
     0 | D:1      | Reached XP level 1. HP: 19/19 MP: 0/0
     0 | D:1      | magus.rc [v1.9.6]
   434 | D:1      | Reached XP level 2. HP: 22/27 MP: 1/1
  1192 | D:2      | Reached skill level 4 in Fighting
  1192 | D:2      | Reached skill level 4 in Armour
  1192 | D:2      | Reached skill level 4 in Shields
  1384 | D:2      | Reached skill level 3 in Long Blades
  1390 | D:2      | Reached XP level 3. HP: 29/33 MP: 2/2
  1456 | D:2      | Killed from afar by an orc priest

Vanquished Creatures
  An adder (D:2)
  A worm (D:2)
  A dart slug (D:2)
  A bat (D:1)
  An endoplasm (D:2)
  2 giant cockroaches (D:2)
  3 goblins
  2 hobgoblins (D:2)
  2 kobolds (D:1)
  A quokka (D:1)
  5 ball pythons (D:1)
  A frilled lizard (D:2)
  4 rats
25 creatures vanquished.

Vanquished Creatures (others)
  3 fungi (D:2)
  A plant (D:2)
4 creatures vanquished.

Grand Total: 29 creatures vanquished

Table legend:
 A = Non-vault XP
 B = Vault XP
 C = Vault XP percentage of total XP
 D = Non-vault monster count
 E = Vault monster count
 F = Vault count percentage of total count
                 A         B        C        D         E       F
            +---------+---------+-------+---------+---------+-------
      Total |      53 |       3 |   5.4 |      23 |       2 |   8.0
            +---------+---------+-------+---------+---------+-------
        D:1 |      18 |       0 |   0.0 |      13 |       0 |   0.0
        D:2 |      35 |       3 |   7.9 |      10 |       2 |  16.7
            +---------+---------+-------+---------+---------+-------

Illustrated notes

Table legend:
 A = Kills in this place as a percentage of kills in entire the game.
 B = Kills by you in this place as a percentage of kills by you in the entire game.
 C = Kills by friends in this place as a percentage of kills by friends in the entire game.
 D = Other kills in this place as a percentage of other kills in the entire game.
 E = Experience gained in this place as a percentage of experience gained in the entire game.
 F = Experience gained in this place divided by the number of levels of this place that you have seen.
                   A       B       C       D       E      F
               +-------+-------+-------+-------+-------+----------------------
         Total | 100.0 | 100.0 |   N/A |   N/A | 100.0 |  28.0
       Dungeon | 100.0 | 100.0 |   N/A |   N/A | 100.0 |  28.0
               +-------+-------+-------+-------+-------+----------------------

Table legend: (Time is in decaauts)
 A = Elapsed time spent in this place.
 B = Non-inter-level travel time spent in this place.
 C = Inter-level travel time spent in this place.
 D = Time resting spent in this place.
 E = Time spent auto-exploring this place.
 F = Levels seen in this place.
 G = Mean time per level.
                   A        B        C        D        E       F      G
               +--------+--------+--------+--------+--------+-----+--------+
         Total |   1470 |   1444 |     26 |    168 |   1014 |   2 |  735.0 |
       Dungeon |   1470 |   1444 |     26 |    168 |   1014 |   2 |  735.0 |
               +--------+--------+--------+--------+--------+-----+--------+

Top non-repeatable levels by time:
     D:1: 1179 daAuts
     D:2: 290 daAuts
